 Dungeon Crawl Stone Soup version 0.31.0-12-g77e489cdc1 (webtiles) character file.

Game seed: 17731804635672453010

518 Sabo the Ruffian (level 7, -3/50 HPs)
             Began as a Gnoll Wanderer on Feb 10, 2024.
             Was a Follower of Hepliaklqana.
             Slain by Duvessa
             ... wielding a +0 short sword
              (4 damage)
             ... on level 4 of the Dungeon on Feb 11, 2024.
             The game lasted 00:20:00 (4041 turns).

Sabo the Ruffian (Gnoll Wanderer)                   Turns: 4041, Time: 00:20:01

Health: -3/50      AC:  9    Str: 15    XL:     7   Next: 21%
Magic:  10/10      EV: 11    Int:  9    God:    Hepliaklqana [*.....]
Gold:   134        SH:  0    Dex: 12    Spells: 10/10 levels left

rFire   . . .        l - +3 whip
rCold   . . .        (no shield)
rNeg    . . .        o - +0 ring mail
rPois   .            m - +2 hat
rElec   .            w - +0 cloak
rCorr   .            (no gloves)
SInv    .            h - +0 pair of boots
Will    .....        (no amulet)
Stlth   ++           (no ring)
HPRegen 0.28/turn    (no ring)
MPRegen 0.12/turn

%: no passive effects
@: no status effects
A: reduced essence, fangs 1, strong nose, distributed training
a: Renounce Religion, Recall Ancestor, Ancestor Identity


You were on level 4 of the Dungeon.
You worshipped Hepliaklqana.
Hepliaklqana was aware of your devotion.
You visited 1 branch of the dungeon, and saw 4 of its levels.
You also visited: Sewer.

You collected 134 gold pieces.

Inventory:

Hand Weapons
 a - a +2 sling
 l - a +3 whip (weapon)
 v - a +3 quarterstaff of chaos
Missiles
 c - 27 poisoned darts (quivered)
 d - a curare-tipped dart
Armour
 h - a +0 pair of boots (worn)
 m - a +2 hat (worn)
 o - a +0 ring mail (worn)
 w - a +0 cloak (worn)
Scrolls
 b - 4 scrolls of teleportation
 g - a scroll of vulnerability {unknown}
 j - a scroll of enchant armour {unknown}
 k - a scroll of amnesia
 p - 2 scrolls of enchant weapon {unknown}
 q - 3 scrolls of blinking
 r - a scroll of revelation {unknown}
Potions
 f - a potion of mutation {unknown}
 i - a potion of resistance {unknown}
 n - 2 potions of haste
 s - a potion of might {unknown}
 t - a potion of invisibility {unknown}
 u - a potion of heal wounds {unknown}


   Skills:
 + Level 5.2 Fighting
 + Level 2.4 Short Blades
 + Level 2.4 Long Blades
 + Level 2.4 Axes
 + Level 2.4 Maces & Flails
 + Level 2.4 Polearms
 + Level 2.4 Staves
 + Level 5.2 Ranged Weapons
 + Level 3.6 Throwing
 + Level 2.4 Armour
 + Level 2.4 Dodging
 + Level 3.4 Stealth
 + Level 2.4 Shields
 + Level 5.2 Unarmed Combat
 + Level 2.4 Spellcasting
 + Level 2.0 Conjurations
 + Level 2.0 Hexes
 + Level 2.0 Summonings
 + Level 2.0 Necromancy
 + Level 2.0 Translocations
 + Level 2.0 Fire Magic
 + Level 2.0 Ice Magic
 + Level 2.0 Air Magic
 + Level 2.0 Earth Magic
 + Level 2.0 Alchemy
 + Level 3.8 Invocations
 + Level 3.6 Evocations
 + Level 2.2 Shapeshifting


You had 10 spell levels left.
You didn't know any spells.
Your spell library contained the following spells:

 Spells                   Type           Power      Damage    Failure   Level
 Apportation              Tloc           8%         N/A       26%         1
 Freeze                   Ice            16%        1d4       26%         1
 Jinxbite                 Hex            8%         N/A       38%         2
 Lesser Beckoning         Tloc           8%         N/A       38%         2
 Frozen Ramparts          Ice            8%         1d2       63%         3
 Gell's Gravitas          Tloc           4%         N/A       63%         3
 Hailstorm                Conj/Ice       4%         3d5       63%         3
 Teleport Other           Tloc           4%         N/A       63%         3
 Alistair's Intoxication  Alch           2%         N/A       100%        5
 Summon Forest            Summ/Tloc      2%         N/A       100%        5
 Summon Mana Viper        Hex/Summ       4%         N/A       100%        5
 Summon Cactus Giant      Summ           2%         N/A       100%        6


Dungeon Overview and Level Annotations

Branches:
Dungeon (4/15)              Sewer (visited)
 Temple: D:4-7

Altars:
Gozag
Hepliaklqana

Shops:
D:3 *

Annotations:
D:4 Duvessa, Robin


Innate Abilities, Weirdness & Mutations

Your life essence is reduced to manifest your ancestor. (-10% HP)
You have very sharp teeth.
Your uncanny sense of smell can sniff out nearby items.
Your experience applies equally to all skills.


Message History

You whack Duvessa! Your bite misses Duvessa.
Duvessa is moderately wounded.
The adder bites you but does no damage. Duvessa hits you with a +0 short sword!
The goblin hits you but does no damage.
Sizwe hits Duvessa but does no damage.
The adder closely misses you.
You hit Duvessa.
Duvessa is heavily wounded.
Duvessa hits you with a +0 short sword. The goblin barely misses you.
Duvessa hits you but does no damage. The adder bites you but does no damage.
Sizwe hits Duvessa but does no damage.
You hit Duvessa.
Duvessa is heavily wounded.
Duvessa barely misses you. The adder bites you but does no damage.
The goblin hits you with a +0 dagger.
Sizwe hits Duvessa.
You hit Duvessa but do no damage.
Duvessa is heavily wounded.
Duvessa hits you with a +0 short sword. The adder closely misses you.
The goblin misses you. Duvessa hits you but does no damage.
Sizwe hits Duvessa but does no damage.
You hit Duvessa but do no damage. Your bite misses Duvessa.
Duvessa is heavily wounded.
The adder closely misses you. Duvessa hits you with a +0 short sword!
* * * LOW HITPOINT WARNING * * *
The goblin closely misses you. The adder closely misses you.
Sizwe barely misses Duvessa.
You hit Duvessa.
Duvessa is heavily wounded.
Duvessa hits you with a +0 short sword!
* * * LOW HITPOINT WARNING * * *
The adder misses you. The goblin hits you but does no damage.
Duvessa hits you but does no damage.
Sizwe hits Duvessa but does no damage.
You hit Duvessa but do no damage. You punch Duvessa, but do no damage.
You bite Duvessa, but do no damage.
Duvessa is heavily wounded.
Duvessa hits you but does no damage. The adder bites you but does no damage.
The goblin hits you but does no damage.
Sizwe hits Duvessa but does no damage.
You hit Duvessa but do no damage.
Duvessa is heavily wounded.
Duvessa hits you with a +0 short sword.
You die...

#.... ##....#.#
.....#####.....#..
..............."..
#...............
#..#..<......###
##.......)......
#.......)......
#.......>...#..
#..R@......##
#..Seg.)....>.#
#..........:#..
....)........# #
.........#..........#
...g?........†.......#..
$....g.................##
#g.....................#
#................


You could see the friendly Sizwe the ancestor, Duvessa (berserk, ally target),
an adder and a goblin.

Vanquished Creatures
  Sigmund (D:4)
  A kobold brigand (Sewer)
  Crazy Yiuf (D:3)
  A gnoll (D:1)
  5 adders
  3 ribbon worms
  A dart slug (D:2)
  5 bats
  9 endoplasms
  2 giant cockroaches
  9 goblins
  5 hobgoblins
  3 jackals (D:1)
  2 quokkas
  7 ball pythons
  7 frilled lizards
  11 kobolds
  4 rats
77 creatures vanquished.

Vanquished Creatures (collateral kills)
  A kobold brigand (Sewer)
  Dowan (D:4)
  An endoplasm (Sewer)
  A giant cockroach (Sewer)
  2 goblins (D:4)
  2 hobgoblins (D:4)
  4 kobolds (Sewer)
12 creatures vanquished.

Vanquished Creatures (others)
  A frilled lizard (D:2)
1 creature vanquished.

Grand Total: 90 creatures vanquished

Notes
Turn   | Place    | Note
-------+----------+-------------------------------------------
     0 | D:1      | Sabo the Gnoll Wanderer began the quest for the Orb.
     0 | D:1      | Sabo set off with the following items: a +2 sling, a scroll
                  | of teleportation, 13 poisoned darts, a +0 dagger, a scroll
                  | of fear, a +0 leather armour.
     0 | D:1      | Reached XP level 1. HP: 20/20 MP: 2/2
   674 | D:1      | Reached XP level 2. HP: 20/26 MP: 3/3
  1049 | D:1      | Reached XP level 3. HP: 10/31 MP: 4/4
  1279 | D:2      | Reached skill level 1 in Short Blades
  1279 | D:2      | Reached skill level 1 in Long Blades
  1279 | D:2      | Reached skill level 1 in Axes
  1279 | D:2      | Reached skill level 1 in Maces & Flails
  1279 | D:2      | Reached skill level 1 in Polearms
  1279 | D:2      | Reached skill level 1 in Staves
  1279 | D:2      | Reached skill level 1 in Armour
  1279 | D:2      | Reached skill level 1 in Dodging
  1279 | D:2      | Reached skill level 1 in Shields
  1279 | D:2      | Reached skill level 1 in Spellcasting
  1485 | D:2      | Found a hazy altar of Hepliaklqana.
  1547 | D:2      | Became a worshipper of Hepliaklqana the Forgotten
  1705 | D:2      | Reached skill level 1 in Shapeshifting
  1705 | D:2      | Reached XP level 4. HP: 32/38 MP: 6/6
  1999 | D:2      | Upgraded the game from 0.31.0-11-ge490571c62 to
                  | 0.31.0-12-g77e489cdc1
  2069 | D:3      | Found Gozag's Platinum Reserve.
  2112 | D:3      | Reached skill level 1 in Conjurations
  2112 | D:3      | Reached skill level 1 in Hexes
  2112 | D:3      | Reached skill level 1 in Summonings
  2112 | D:3      | Reached skill level 1 in Necromancy
  2112 | D:3      | Reached skill level 1 in Translocations
  2112 | D:3      | Reached skill level 1 in Fire Magic
  2112 | D:3      | Reached skill level 1 in Ice Magic
  2112 | D:3      | Reached skill level 1 in Air Magic
  2112 | D:3      | Reached skill level 1 in Earth Magic
  2112 | D:3      | Reached skill level 1 in Alchemy
  2329 | D:3      | Found an opulent altar of Gozag.
  2341 | D:3      | Reached XP level 5. HP: 38/43 MP: 7/7
  2498 | D:3      | Found a glowing drain.
  2551 | Sewer    | Entered a sewer
  2710 | Sewer    | Noticed a kobold brigand
  2728 | Sewer    | Killed a kobold brigand
  2849 | Sewer    | Reached * piety under Hepliaklqana
  2852 | Sewer    | Noticed a kobold brigand
  2869 | Sewer    | HP: 1/38 [kobold/+0 dagger (2)]
  2871 | Sewer    | Killed a kobold brigand
  2872 | Sewer    | Reached skill level 5 in Fighting
  2872 | Sewer    | Reached skill level 5 in Ranged Weapons
  2872 | Sewer    | Reached skill level 5 in Unarmed Combat
  2872 | Sewer    | Reached XP level 6. HP: 2/45 MP: 7/9
  3214 | D:3      | Found a runed translucent door.
  3215 | D:3      | Noticed Crazy Yiuf
  3227 | D:3      | Killed Crazy Yiuf
  3524 | D:4      | Noticed Sigmund
  3525 | D:4      | Noticed Dowan
  3527 | D:4      | Noticed Duvessa
  3529 | D:4      | Noticed Robin
  3537 | D:4      | Killed Sigmund
  3538 | D:4      | Reached XP level 7. HP: 17/50 MP: 10/10
  3545 | D:4      | HP: 1/50 [Duvessa/+0 short sword (6)]
  4013 | D:4      | Killed Dowan
  4039 | D:4      | HP: 1/50 [Duvessa/+0 short sword (8)]
  4041 | D:4      | Slain by Duvessa

Illustrated notes

Levels and vault maps discovered:
D:1:      dpeg_arrival_short_road, layout_basic
D:2:      layout_rooms, basic_altar
D:3:      layout_basic, nicolae_gozag_zags_fifth_avenue,
          cheibrodos_sewer_entry_bend, st_stairs_2, kennysheep_generic_room_4,
          uniq_crazy_yiuf_cottage
D:4:      layout_rooms, gammafunk_temple_overflow_statue, nicolae_the_louvre,
          uniq_blork_the_orc, uniq_sigmund, uniq_robin, uniq_duvessa

Skill      XL: |  1  2  3  4  5  6  7 |
---------------+----------------------+-----
Short Blades   | 1 2 |  2.4
Long Blades    | 1 2 |  2.4
Axes           | 1 2 |  2.4
Maces & Flails | 1 2 |  2.4
Polearms       | 1 2 |  2.4
Staves         | 1 2 |  2.4
Armour         | 1 2 |  2.4
Dodging        | 1 2 |  2.4
Shields        | 1 2 |  2.4
Spellcasting   | 1 2 |  2.4
Shapeshifting  | 1 2 |  2.2
Conjurations   | 1 2 |  2.0
Hexes          | 1 2 |  2.0
Summonings     | 1 2 |  2.0
Necromancy     | 1 2 |  2.0
Translocations | 1 2 |  2.0
Fire Magic     | 1 2 |  2.0
Ice Magic      | 1 2 |  2.0
Air Magic      | 1 2 |  2.0
Earth Magic    | 1 2 |  2.0
Alchemy        | 1 2 |  2.0
Invocations    | 3 |  3.8
Throwing       | 3 |  3.6
Evocations     | 3 |  3.6
Fighting       | 5 |  5.2
Ranged Weapons | 5 |  5.2
Stealth        | 3 |  3.4
Unarmed Combat | 5 |  5.2

Action                     |  1- 3 |  4- 6 |  7- 9 || total
---------------------------+-------+-------+-------++-------
  Melee: Whip              |    93 |   202 |    20 ||   315
         Bite              |    13 |    18 |     2 ||    33
         Punch             |     2 |     5 |     1 ||     8
   Fire: Sling             |    12 |       |       ||    12
  Throw: Dart              |     1 |     1 |       ||     2
    Use: Scroll            |     3 |     2 |     1 ||     6
         Potion            |       |     1 |       ||     1
   Stab: Sleeping          |     3 |       |       ||     3
         Distracted        |       |       |     1 ||     1
 Armour: Leather armour    |    63 |       |       ||    63
         Ring mail         |     8 |   207 |    37 ||   252
  Dodge: Dodged            |    58 |   178 |    23 ||   259
